 Dungeon Crawl Stone Soup version 0.20.1-1-g8b1a95d (webtiles) character file.

72 Knicklaso the Skirmisher (level 4, 0/48 HPs)
             Began as an Ogre Warper on July 23, 2017.
             Slain by Crazy Yiuf
             ... wielding a +4 quarterstaff of chaos
              (13 damage)
             ... on level 2 of the Dungeon.
             The game lasted 00:07:23 (2791 turns).

Knicklaso the Skirmisher (Ogre Warper)              Turns: 2791, Time: 00:07:24

Health: 0/48       AC:  3    Str: 16    XL:     4   Next: 26%
Magic:  6/8        EV: 10    Int: 14    God:
Gold:   59         SH:  0    Dex:  8    Spells: 4/8 levels left

rFire    . . .     SeeInvis .   a - +0 mace
rCold    . . .     Gourm    .   (no shield)
rNeg     . . .     Faith    .   b - +0 robe
rPois    .         Spirit   .   (helmet restricted)
rElec    .         Reflect  .   (no cloak)
rCorr    .         Harm     .   (gloves unavailable)
MR       .....                  (boots unavailable)
Stlth    +.........             (no amulet)
Regen    0.2/turn               (no ring)
MPRegen  0.2/turn               (no ring)

@: no status effects
A: unfitting armour, tough skin 1
a: no special abilities


You were on level 2 of the Dungeon.
You were not hungry.

You visited 1 branch of the dungeon, and saw 2 of its levels.

You collected 59 gold pieces.

Inventory:

Hand Weapons
 a - a +0 mace (weapon)
Missiles
 e - 5 tomahawks of dispersal
 i - 65 stones (quivered)
 m - a throwing net
Armour
 b - a +0 robe (worn)
Jewellery
 o - an uncursed ring of protection from magic {unknown}
Scrolls
 d - a scroll of blinking
 g - 2 scrolls of remove curse {unknown}
 j - 3 scrolls of identify {unknown}
 p - a scroll of magic mapping {unknown}
 s - a scroll of noise {unknown}
 v - a scroll of random uselessness {unknown}
 w - a scroll of immolation {unknown}
 x - a scroll of teleportation {unknown}
Potions
 h - 3 potions of curing {unknown}
 k - a potion of berserk rage {unknown}
 l - a potion of invisibility {unknown}
 q - 2 potions of mutation {unknown}
 t - a potion of might {unknown}
 z - a potion of cancellation {unknown}
Books
 c - a book of Spatial Translocations

   Spells                             Type                      Level
   a - Blink                          Translocation                2
   b - Shroud of Golubria             Charms/Translocation         2
   c - Lesser Beckoning               Translocation                3
   d - Gell's Gravitas                Translocation                3
   e - Teleport Other                 Translocation                3
   f - Passage of Golubria            Translocation                4
Comestibles
 f - 2 bread rations
 n - a royal jelly
 r - 2 meat rations
 u - 5 chunks of flesh


   Skills:
 + Level 3.6 Fighting
 * Level 2.8 Maces & Flails
 + Level 1.6 Throwing
 + Level 2.3 Dodging
 + Level 2.9 Spellcasting
 - Level 2.6 Translocations


You had 4 spell levels left.
You knew the following spells:

 Your Spells              Type           Power        Failure   Level  Hunger
a - Shroud of Golubria    Chrm/Tloc      #.........   19%         2    ##.....
b - Blink                 Tloc           N/A          11%         2    ##.....


Dungeon Overview and Level Annotations

Branches:
Dungeon (2/15)

Altars:

Annotations:
D:2 Crazy Yiuf


Innate Abilities, Weirdness & Mutations

You are too large for most types of armour.
You have tough skin. (AC +1)


Message History

Aim: Crazy Yiuf, wielding a quarterstaff of chaos and wearing a cloak You throw a stone.
The stone closely misses Crazy Yiuf.
Casting: Shroud of Golubria
Confirm with . or Enter, or press ? or * to list all spells.
Space distorts slightly along a thin shroud covering your body.
You closely miss Crazy Yiuf.
Crazy Yiuf hits you with a quarterstaff of chaos!
Crazy Yiuf freezes you.
You hit Crazy Yiuf.
Crazy Yiuf is lightly wounded.
Crazy Yiuf grits, "Whiteboard wrapper pontify!"
Your shroud bends Crazy Yiuf's attack away!
Your shroud bends Crazy Yiuf's attack away.
You thump Crazy Yiuf!
Crazy Yiuf is heavily wounded.
Crazy Yiuf hits you with a quarterstaff of chaos!
* * * LOW HITPOINT WARNING * * *
Your shroud falls apart!
You are electrocuted!
You die...

# #.#.#....#...##
#.....#
#.#.........##
#.....#
#####.###....####
#.....# ...##.#
###### ###...#
.#.##.#### #.###
.........# #.##
)####....# ###
♣♣##..# ## ######
#)..#♣♣ ♣♣.....#
# #####.#
#(..g@♣♣♣♣......#
#.....#
#...#♣..♣......##
#.###.# ###
♣♣♣.♣.....# #.#
### ♣♣♣♣♣##.# #.#
#.# #.# ### #.#
#.# #.# ..# #.#
#.# ## #.# #.#


You could see Crazy Yiuf.

Vanquished Creatures
  3 adders (D:2)
  A dart slug (D:1)
  3 leopard geckos (D:2)
  3 giant cockroaches
  3 hobgoblins
  3 jackals (D:2)
  5 bats
  4 frilled lizards
  6 goblins
  6 kobolds
  2 rats
39 creatures vanquished.

Notes
Turn   | Place    | Note
-------+----------+-------------------------------------------
     0 | D:1      | Knicklaso the Ogre Warper began the quest for the Orb.
     0 | D:1      | Reached XP level 1. HP: 22/22 MP: 3/3
   603 | D:1      | Reached XP level 2. HP: 28/29 MP: 5/5
   839 | D:1      | Learned a level 2 spell: Shroud of Golubria
   842 | D:1      | Learned a level 2 spell: Blink
   932 | D:1      | Reached skill level 3 in Fighting
  1478 | D:2      | Reached XP level 3. HP: 37/37 MP: 3/6
  2122 | D:2      | Reached XP level 4. HP: 39/45 MP: 5/8
  2781 | D:2      | Found a runed door.
  2785 | D:2      | Noticed Crazy Yiuf
  2791 | D:2      | Slain by Crazy Yiuf

Skill      XL: |  1  2 |
---------------+-------+-----
Maces & Flails | 2 |  2.8
Fighting       | 3 |  3.6
Throwing       | |  1.6
Dodging        | |  2.3
Spellcasting   | |  2.9
Translocations | |  2.6

Action                   |  1- 3 |  4- 6 || total
-------------------------+-------+-------++-------
Melee: Mace              |    98 |    40 ||   138
Throw: Stone             |    28 |     2 ||    30
 Cast: Shroud of Golubri |     7 |     8 ||    15
  Eat: Chunk             |     4 |     3 ||     7
Armor: Robe              |    42 |    12 ||    54
Dodge: Dodged            |    64 |    20 ||    84
